 Dungeon Crawl Stone Soup version bcrawl-1.19.1 (webtiles) character file.

Game seed: 809888615155608892

1101 Freyura the Skirmisher (level 8, -1/71 HPs)
             Began as a Hill Orc Fighter on Dec 8, 2019.
             Was a Follower of Beogh.
             Killed from afar by an orc wizard (7 damage)
             ... with a magic dart
             ... on level 5 of the Dungeon.
             The game lasted 00:10:18 (4459 turns).

Freyura the Skirmisher (Hill Orc Fighter)           Turns: 4459, Time: 00:10:19

Health: -1/71      AC: 10    Str: 19    XL:     8   Next: 32%
Magic:  20/20      EV:  7    Int:  8    God:    Beogh [*.....]
Gold:   181        SH: 10    Dex: 12    Spells: 7/7 levels left

rFire    + . .     SeeInvis .   a - +0 flail
rCold    + . .     Gourm    .   c - +0 shield
rNeg     + . .     Faith    .   b - +0 scale mail
rPois    +         Spirit   .   (no helmet)
rElec    +         Reflect  .   d - +2 cloak {rPois}
rCorr    +         Harm     .   (no gloves)
MR       .....                  (no boots)
Stlth    ..........             (no amulet)
HPRegen  0.21/turn              m - ring of positive energy
MPRegen  0.17/turn              p - ring of magical power

@: resistant, hasted, very quick
A: no striking features
a: Renounce Religion


You were on level 5 of the Dungeon.
You worshipped Beogh.
Beogh was aware of your devotion.
You were near starving.

You visited 1 branch of the dungeon, and saw 5 of its levels.

You collected 181 gold pieces.

Inventory:

Hand Weapons
 a - a +0 flail (weapon)
 q - the +5 flail "Qeduzih" {speed, rElec rN+ Int-5 Dex+6, unknown}
   (You found it on level 4 of the Dungeon)

   Attacks with this weapon are significantly faster.
   It affects your intelligence (-5).
   It affects your dexterity (+6).
   It insulates you from electricity.
   It protects you from negative energy.
Armour
 b - a +0 scale mail (worn)
 c - a +0 shield (worn)
 d - a +2 cloak of poison resistance (worn)
Jewellery
 m - a ring of positive energy (left hand)
 p - a ring of magical power (right hand)
Scrolls
 e - 4 scrolls of remove curse
 k - a scroll of identify
 l - 2 scrolls of teleportation
 r - a scroll of amnesia {unknown}
Potions
 h - a potion of brilliance
 i - a potion of agility {unknown}
 n - a potion of haste
Comestibles
 f - 3 rations {!d}


   Skills:
 * Level 6.6 Fighting
   Level 6.6 Short Blades
   Level 6.6 Long Blades
   Level 6.6 Axes
   Level 6.6 Maces & Flails
   Level 6.6 Polearms
   Level 6.6 Staves
 + Level 5.7 Armour
 + Level 5.7 Shields
   Level 6.6 Unarmed Combat
 + Level 4.8 Invocations


You had 7 spell levels left.
You didn't know any spells.
Your spell library was empty.

Dungeon Overview and Level Annotations

Branches:
Dungeon (5/12)
 Temple: D:4-7

Altars:
Dithmenos
Lugonu
Uskayaw

Shops:
D:4 *


Message History

Beogh accepts your kill. The giant cockroach bites you.
* * * LOW HITPOINT WARNING * * *
Unknown command.
You sock the giant cockroach!
You kill the giant cockroach!
Beogh accepts your kill.
You hit the orc wizard but do no damage.
You barely miss the orc wizard. The orc wizard barely misses you.
You sock the orc wizard!
You kill the orc wizard!
Beogh accepts your kill.
You closely miss the orc. The orc closely misses you.
You sock the orc!
You kill the orc!
Beogh accepts your kill.
The orc wizard points at you and mumbles some strange words.
The magic dart hits you!
You die...
Beogh appreciates the orc wizard's killing of a heretic priest.

#####...#######
#'''###
#.....######..
#####o........
#...##... #
##...# #..
##..# #...#
#.o#####...#
##o#))@..#
#.#o##)## #...#
..# ##.## #.#
#†)# .. #....
#.# ......#..
o.....##..
#.......#


You could see an orc wizard.

Vanquished Creatures
  A hippogriff (D:3)
  Sigmund (D:3)
  2 ogres
  A centaur (D:5)
  A bullfrog (D:5)
  A howler monkey (D:4)
  2 crimson imps (D:4)
  Crazy Yiuf (D:3)
  3 orc wizards
  2 worker ants (D:5)
  A worker ant zombie (D:5)
  5 adders
  3 oozes
  An adder skeleton (D:4)
  5 worms
  5 dart slugs
  4 leopard geckos
  8 orcs
  2 ball pythons
  7 bats
  3 giant cockroaches
  6 goblins
  7 hobgoblins
  8 jackals
  3 quokkas
  5 frilled lizards
  9 kobolds
  A quokka zombie (D:5)
  5 rats
103 creatures vanquished.

Vanquished Creatures (others)
  A leopard gecko (D:2)
  An orc (D:2)
2 creatures vanquished.

Grand Total: 105 creatures vanquished

Notes
Turn   | Place    | Note
-------+----------+-------------------------------------------
     0 | D:1      | Freyura the Hill Orc Fighter began the quest for the Orb.
     0 | D:1      | Reached XP level 1. HP: 20/20 MP: 1/1
   230 | D:1      | Reached XP level 2. HP: 27/27 MP: 2/2
   600 | D:1      | Reached XP level 3. HP: 27/34 MP: 3/3
  1198 | D:2      | Became a worshipper of Beogh the Brigand
  1335 | D:2      | Noticed a +0 hand axe
  1336 | D:2      | Found a hide-covered altar of Uskayaw.
  1336 | D:2      | Noticed a -3 hand axe
  1339 | D:2      | Reached XP level 4. HP: 41/41 MP: 4/4
  1886 | D:3      | Reached skill level 1 in Invocations
  2315 | D:3      | Noticed Sigmund
  2327 | D:3      | Killed Sigmund
  2327 | D:3      | Reached * piety under Beogh
  2327 | D:3      | Reached skill level 5 in Fighting
  2327 | D:3      | Reached XP level 5. HP: 6/48 MP: 4/6
  2327 | D:3      | Reached XP level 6. HP: 7/56 MP: 4/7
  2719 | D:3      | Found a runed door.
  2916 | D:3      | Noticed a hippogriff
  2927 | D:3      | Killed a hippogriff
  2927 | D:3      | Reached XP level 7. HP: 20/62 MP: 7/9
  3373 | D:3      | Noticed Crazy Yiuf
  3381 | D:3      | Killed Crazy Yiuf
  3425 | D:4      | Reached skill level 5 in Armour
  3425 | D:4      | Reached skill level 5 in Shields
  3512 | D:4      | Found a corrupted altar of Lugonu.
  3592 | D:4      | Found a shadowy altar of Dithmenos.
  3690 | D:4      | Reached skill level 6 in Fighting
  3957 | D:4      | Got a shimmering flail
  4138 | D:4      | Found Voatugy's Assorted Antiques.
  4373 | D:5      | Entered Level 5 of the Dungeon
  4401 | D:5      | Reached XP level 8. HP: 55/71 MP: 11/11
  4459 | D:5      | Killed from afar by an orc wizard

Skill      XL: |  1  2  3  4  5  6  7 |
---------------+----------------------+-----
Shields        | 4 5 |  5.7
Armour         | 4 5 |  5.7
Invocations    | 2 3 4 |  4.8
Fighting       | 5 6 |  6.6
Short Blades   | |  6.6
Long Blades    | |  6.6
Axes           | |  6.6
Maces & Flails | |  6.6
Polearms       | |  6.6
Staves         | |  6.6
Unarmed Combat | |  6.6

Action                   |  1- 3 |  4- 6 |  7- 9 || total
-------------------------+-------+-------+-------++-------
Melee: Flail             |   101 |   129 |   151 ||   381
Invok: Convert to Beogh  |     1 |       |       ||     1
  Use: Scroll            |       |     3 |     6 ||     9
       Potion            |       |     2 |     4 ||     6
  Eat: Chunk             |     1 |     6 |     3 ||    10
Armor: Scale mail        |    43 |    61 |    73 ||   177
Dodge: Dodged            |    25 |    36 |    42 ||   103
Block: Shield            |    45 |    61 |    95 ||   201
